cohdb
Replays
Latest Replays
All Replays
Popular Replays
Top Player Replays
Match Explorer
How It Works
Community
CoH3 Stats
Reddit
Sign in to upload your games and track your stats! →
Sign in with Steam
Match 46841791
Unlisted
Match 46841791
Overview
Messages
Build Orders
End
Selects Italian Infantry
Panzergrenadier Squad
Kradschützen Motorcycle Team
Panzergrenadier Squad
Construct Light Support Kompanie
MG34 Team
Selects Guastatori Squad
Selects L6/40 Light Tank Combat Group
L6/40 Light Tank Combat Group
Panzergrenadier Squad
Fire Support Elements
Guastatori Squad
Guastatori Squad
Selects Defensive Operations
Selects Prepared Positions
Construct Panzerarmee Kommand
2.5-tonne Medical Truck
Selects Obice 305mm Barrage
FrDiZz
Hermann
Herr Blautier
EPHX_Valkyrion
0
0
Comments
sign in to comment!
No comments posted yet!